Map: Emerald City LE

Players

TheBlackDog - Winner!

  • Race: Zerg Zerg
  • League: Diamond
  • Spawn Location: 5:00

JimboJimbob - Winner!

  • Race: Zerg Zerg
  • League: Diamond
  • Spawn Location: 5:00

Massa

  • Race: Terran Terran
  • League: Gold
  • Spawn Location: 11:00

qqq

  • Race: Zerg Zerg
  • League: Platinum
  • Spawn Location: 11:00

VOD

Have the link to the VOD?

Description

Time

  • Played on: July 31, 2020, 11:47 a.m.
  • Length: 6:55
Show
View Real Time Build Order
Export as new Build Order

TheBlackDog Zerg - Winner!

Build Orders: Hatch First 

Get SALT Encoding   

  12  0:01  Drone  
  13  0:09  Drone  
  14  0:16  Overlord  
  15  0:35  Drone x3  
  17  0:59  Hatchery  
  16  1:07  Spawning Pool  
  16  1:10  Drone  
  16  1:14  Extractor  
  16  1:16  Drone  
  16  1:20  Drone  
  16  1:23  Drone  
  18  1:32  Drone  
  19  1:43  Overlord  
  19  1:53  Queen  
  21  1:55  Drone  
  21  1:58  Extractor  
  21  2:04  Drone  
  22  2:11  Drone  
  22  2:14  Metabolic Boost  
  22  2:15  Queen  
  23  2:21  Drone  
  26  2:27  Drone  
  26  2:28  Overlord  
  27  2:39  Drone  
  27  2:41  Drone  
  27  2:43  Zergling x2  
  30  2:49  Zergling x2  
  31  3:02  Zergling x8  
  31  3:03  Zergling x2  
  36  3:07  Queen  
  38  3:14  Drone x2  
  38  3:15  Drone  
  38  3:18  Extractor  
  40  3:24  Lair  
  40  3:28  Drone  
  40  3:30  Drone  
  42  3:40  Drone x2  
  44  3:47  Overlord x2  
  37  4:25  Zergling x12  
  37  4:26  Zergling x12  
  49  4:33  Drone  
  49  4:37  Drone, Extractor  
  50  4:42  Spire  
  49  4:51  Overlord  
  49  4:54  Overlord x3  
  49  5:08  Drone x3  
  52  5:53  Mutalisk x2  
  52  5:54  Mutalisk x7  
  52  5:55  Mutalisk  
  72  5:57  Mutalisk  
  72  6:02  Mutalisk  
  76  6:05  Drone  
  76  6:08  Drone  
  76  6:09  Overseer  
  78  6:12  Drone  
  79  6:26  Drone x2  
  79  6:27  Drone x4  
  85  6:41  Hatchery  
Show
View Real Time Build Order
Export as new Build Order

JimboJimbob Zerg - Winner!

Build Orders: Hatch First 

Get SALT Encoding   

  12  0:00  Drone  
  13  0:13  Overlord  
  13  0:19  Drone  
  14  0:32  Drone x2  
  16  0:36  Drone  
  17  0:57  Hatchery  
  17  1:03  Extractor, Drone  
  17  1:04  Drone  
  17  1:18  Spawning Pool  
  16  1:29  Drone x2  
  16  1:30  Drone  
  19  2:01  Hatchery  
  19  2:06  Queen  
  20  2:09  Metabolic Boost  
  20  2:19  Queen  
  22  2:31  Drone x2  
  22  2:33  Overlord  
  24  2:41  Overlord  
  24  2:54  Zergling x4  
  24  2:55  Zergling x2  
  27  3:08  Zergling x10  
  32  3:20  Zergling x4  
  32  3:22  Baneling Nest  
  33  3:27  Zergling x4  
  33  3:30  Zergling x2  
  36  3:38  Zergling x4  
  38  3:44  Zergling x2  
  38  3:45  Zergling x2  
  40  3:54  Zergling x6  
  41  4:10  Zergling x2  
  41  4:11  Zergling x8  
  38  4:46  Zergling x22  
  40  4:58  Zergling x4  
  39  5:06  Drone x2  
  41  5:07  Drone  
  39  5:15  Drone x3  
  42  5:26  Baneling x4  
  42  5:32  Drone  
  42  5:33  Drone x3  
  46  5:36  Drone  
  47  5:43  Lair  
  45  6:05  Baneling x3  
  45  6:06  Baneling  
  45  6:08  Zergling x2  
  45  6:09  Zergling x6  
  41  6:32  Drone  
  39  6:33  Drone x11  
  50  6:47  Extractor  
  50  6:52  Evolution Chamber  
Show
View Real Time Build Order
Export as new Build Order

Massa Terran 

Build Orders:  

Get SALT Encoding   

  12  0:02  SCV  
  13  0:14  SCV  
  14  0:25  Supply Depot  
  14  0:26  SCV  
  15  0:34  Refinery  
  15  0:46  SCV  
  15  0:49  Barracks  
  16  0:59  SCV  
  17  1:11  SCV  
  18  1:18  Supply Depot  
  18  1:23  SCV  
  19  1:37  Factory  
  19  1:39  Marine  
  20  1:43  Orbital Command  
  20  1:59  Reaper  
  20  2:00  Refinery  
  21  2:08  SCV  
  22  2:31  Command Center  
  22  2:48  Factory Reactor  
  22  2:52  Barracks Tech Lab  
  22  3:04  SCV  
  23  3:11  Marauder  
  25  3:17  SCV  
  25  3:19  Supply Depot  
  26  3:29  SCV  
  27  3:37  Barracks  
  27  3:39  Hellion x2  
  27  3:41  SCV, Marauder  
  33  3:49  Bunker  
  33  3:53  SCV  
  32  4:00  Hellion  
  35  4:05  Hellion  
  29  4:11  Marine  
  22  4:27  SCV, Hellion  
  22  4:29  Marine  
  24  4:39  SCV  
  24  4:47  Marine  
  24  4:48  Hellion  
  25  5:04  Marine  
  25  5:05  Bunker  
  23  5:09  Hellion  
  23  5:10  SCV x2  
  27  5:22  SCV x2  
  29  5:31  Hellion  
  29  5:34  SCV  
  32  5:50  Barracks  
  32  5:52  Widow Mine  
  32  5:53  Supply Depot  
  34  6:09  Marine  
  34  6:10  Marine  
  36  6:12  SCV x2  
  36  6:15  Hellion  
  40  6:24  SCV x2  
  42  6:27  Marine x2  
  44  6:36  SCV  
  45  6:43  Supply Depot  
  45  6:45  Supply Depot  
  46  6:50  Supply Depot  
Show
View Real Time Build Order
Export as new Build Order

qqq Zerg 

Build Orders: Hatch First, Zergling Baneling 

Get SALT Encoding   

  12  0:01  Drone  
  13  0:08  Drone  
  14  0:37  Hatchery  
  13  0:43  Drone  
  14  0:56  Spawning Pool  
  13  1:02  Drone  
  14  1:07  Extractor  
  14  1:09  Overlord  
  13  1:14  Drone  
  14  1:34  Drone  
  14  1:35  Drone  
  14  1:38  Drone  
  17  1:49  Drone, Roach Warren  
  17  1:53  Drone  
  18  2:05  Baneling Nest  
  18  2:07  Drone  
  18  2:12  Drone  
  19  2:16  Drone  
  19  2:20  Drone  
  21  2:24  Drone  
  21  2:28  Drone  
  23  2:32  Drone  
  23  2:35  Drone  
  25  2:42  Metabolic Boost  
  25  2:45  Drone  
  25  2:48  Drone  
  27  2:54  Overlord  
  27  3:01  Extractor  
  26  3:06  Drone  
  26  3:07  Drone  
  28  3:13  Overlord  
  28  3:17  Overlord  
  27  3:28  Drone  
  27  3:31  Queen x2  
  27  3:33  Overlord  
  32  3:37  Zergling x2  
  32  3:38  Zergling x2  
  34  3:42  Zergling x2  
  34  3:45  Zergling x2  
  36  3:49  Spine Crawler  
  36  3:54  Zergling x2  
  36  3:57  Baneling x2  
  36  3:58  Baneling  
  36  4:00  Zergling x2  
  36  4:02  Zergling x2  
  37  4:06  Zergling x2  
  37  4:08  Baneling x2  
  29  4:16  Zergling x2  
  31  4:17  Zergling x2  
  29  4:27  Zergling x4  
  30  4:31  Baneling  
  30  4:32  Baneling x4  
  29  4:40  Baneling x3  
  29  4:43  Zergling x2  
  24  5:11  Baneling x3  
  24  5:12  Zergling x6  
  24  5:13  Drone x2  
  28  5:14  Drone  
  28  5:18  Baneling  
  28  5:19  Baneling  
  29  5:25  Zergling x2  
  30  5:35  Drone, Spine Crawler  
  31  5:40  Zergling x2  
  31  5:42  Baneling x2  
  31  5:46  Drone  
  30  5:59  Drone x3  
  27  6:25  Spine Crawler  
  27  6:27  Spine Crawler x2  
  27  6:30  Zergling x2  
  27  6:31  Spine Crawler  
  23  6:33  Roach  
  25  6:43  Drone  
Tags
 
Add a new tag
Caveats
  • Supply blocks, unpowered buildings, or Contaminate may cause inaccurate times.
  • Supply counts are checked every 10 seconds.